 Dungeon Crawl Stone Soup version 0.22.1-5-g62c59d919a (webtiles) character file.

287 Forgol the Slinger (level 6, -8/39 HPs)
             Began as a Halfling Hunter on Jan 15, 2019.
             Killed by divine providence
             ... invoked by an orc priest
              (10 damage)
             ... on level 4 of the Dungeon.
             The game lasted 00:11:39 (2945 turns).

Forgol the Slinger (Halfling Hunter)                Turns: 2945, Time: 00:11:40

Health: -8/39      AC:  5    Str: 13    XL:     6   Next: 56%
Magic:  6/6        EV: 16    Int:  9    God:
Gold:   135        SH:  0    Dex: 17    Spells: 5/5 levels left

rFire    . . .     SeeInvis .   a - +1 hunting sling
rCold    . . .     Gourm    .   (shield restricted)
rNeg     . . .     Faith    .   c - +0 leather armour
rPois    .         Spirit   .   (no helmet)
rElec    .         Reflect  .   v - +1 cloak
rCorr    .         Harm     .   (no gloves)
MR       .....                  (no boots)
Stlth    ++........             (no amulet)
HPRegen  0.13/turn              (no ring)
MPRegen  0.10/turn              (no ring)

@: no status effects
A: small, mutation resistance 1
a: no special abilities


You were on level 4 of the Dungeon.
You were not hungry.

You visited 1 branch of the dungeon, and saw 4 of its levels.

You collected 135 gold pieces.

Inventory:

Hand Weapons
 a - a +1 hunting sling (weapon)
 b - a +0 short sword
Missiles
 d - 41 sling bullets
 h - 54 stones (quivered)
Armour
 c - a +0 leather armour (worn)
 v - a +1 cloak (worn)
Jewellery
 g - an uncursed ring of magical power {unknown}
 o - a +2 ring of evasion {unknown}
Wands
 p - a wand of flame (29)
 w - a wand of acid (6)
Scrolls
 i - a scroll of remove curse {unknown}
 l - 2 scrolls of amnesia {unknown}
 n - a scroll of blinking
 q - 3 scrolls of identify {unknown}
 s - a scroll of enchant weapon {unknown}
Potions
 e - a potion of heal wounds
 j - a potion of agility {unknown}
 k - 2 potions of lignification {unknown}
 m - a potion of berserk rage {unknown}
 t - a potion of magic {unknown}
 u - a potion of brilliance {unknown}
Comestibles
 f - 9 rations
 r - 10 chunks of flesh


   Skills:
 - Level 1.7 Fighting
 + Level 9.0 Slings
 + Level 3.6 Dodging
 + Level 3.3 Stealth


You had 5 spell levels left.
You didn't know any spells.
Your spell library was empty.

Dungeon Overview and Level Annotations

Branches:
Dungeon (4/15)
 Temple: D:4-7

Altars:
Ashenzari
Hepliaklqana
Nemelex Xobeh
Ru
Wu Jian
Yredelemnul
Beogh

Annotations:
D:4 3 runed doors, kerekes's ghost, amateur HuFi


Innate Abilities, Weirdness & Mutations

You are small and have problems with some larger weapons.
You are somewhat resistant to further mutation.


Message History

The orc priest is heavily wounded.
The orc wizard mumbles some strange words.
The orc wizard seems to speed up.
Firing (i - inventory. (/) - cycle)
h - 56 stones (quivered)
Press: ? - help, Shift-Dir - straight line, f/p - orc priest
Aim: an orc priest, wielding a club and wearing a scale mail (heavily wounded)
You shoot a stone. The stone hits the orc priest.
The orc priest is severely wounded.
The orc priest barely misses you.
Firing (i - inventory. (/) - cycle)
h - 55 stones (quivered)
Press: ? - help, Shift-Dir - straight line, f/p - orc priest
Aim: an orc priest, wielding a club and wearing a scale mail (severely wounded)
You shoot a stone.
The stone closely misses the orc priest.
The stone closely misses the orc wizard.
The stone hits the hobgoblin.
The hobgoblin is severely wounded.
The orc priest calls down the wrath of Beogh upon you.
Beogh smites you!
You die...

#.#..8#.o#.# #.# #....
#.#..##..#.# #.# #.###.
#.#8 ....#.# #.# #.# # #
##.########8. ... ... #
#....# ### #.# ## #
#....# #.# #
#....##########.#
####....<.........#
.........#######@#
####....## #o#### #.#.##
#oo..##
####.#.#########gg#..####
................(........
.........................
≈≈≈≈≈≈.≈≈.≈≈..g..≈≈≈≈≈≈≈≈
≈≈≈≈≈≈≈≈≈≈≈......≈≈≈≈≈≈≈≈
≈≈≈≈≈≈≈≈≈≈≈).....≈≈≈≈≈≈≈≈


You could see an orc priest, an orc wizard, an orc, a hobgoblin and a goblin.

Vanquished Creatures
  A scorpion (D:4)
  An orc wizard (D:4)
  Natasha (twice) (D:3)
  A worker ant (D:4)
  Robin (D:3)
  3 gnolls (D:2)
  An ooze (D:2)
  An adder zombie (D:3)
  A leopard gecko (D:4)
  5 orcs
  4 giant cockroaches
  22 goblins
  7 hobgoblins
  4 jackals (D:3)
  8 kobolds
  2 quokkas (D:4)
  3 ball pythons
  8 bats
  5 frilled lizards
  2 rats (D:1)
82 creatures vanquished.

Notes
Turn   | Place    | Note
-------+----------+-------------------------------------------
     0 | D:1      | Forgol the Halfling Hunter began the quest for the Orb.
     0 | D:1      | Reached XP level 1. HP: 14/14 MP: 1/1
    13 | D:1      | Reached skill level 6 in Slings
    71 | D:1      | Reached XP level 2. HP: 19/19 MP: 2/2
   489 | D:1      | Reached skill level 7 in Slings
   489 | D:1      | Reached XP level 3. HP: 24/24 MP: 3/3
   953 | D:2      | Found a basalt altar of Yredelemnul.
   955 | D:2      | Found a sacrificial altar of Ru.
   971 | D:2      | Found a shattered altar of Ashenzari.
   976 | D:2      | Found a sparkling altar of Nemelex Xobeh.
  1176 | D:2      | Reached XP level 4. HP: 26/29 MP: 4/4
  1181 | D:2      | Reached skill level 8 in Slings
  1448 | D:3      | Noticed Robin
  1466 | D:3      | Killed Robin
  1807 | D:3      | Reached XP level 5. HP: 28/34 MP: 5/5
  1985 | D:3      | Noticed Natasha
  1990 | D:3      | Killed Natasha
  2116 | D:3      | Noticed Natasha
  2123 | D:3      | Killed Natasha
  2286 | D:3      | Found an ornate altar of the Wu Jian Council.
  2288 | D:3      | Found a hazy altar of Hepliaklqana.
  2421 | D:4      | Reached XP level 6. HP: 32/39 MP: 6/6
  2499 | D:4      | Found a runed gate.
  2500 | D:4      | Found a runed gate.
  2500 | D:4      | Found a runed gate.
  2504 | D:4      | Noticed kerekes's ghost (amateur HuFi)
  2512 | D:4      | Found a roughly hewn altar of Beogh.
  2935 | D:4      | Reached skill level 9 in Slings
  2945 | D:4      | Killed from afar by an orc priest

Skill      XL: |  1  2  3  4  5  6 |
---------------+-------------------+-----
Slings         | 6 7 8 9 |  9.0
Stealth        | 2 3 |  3.3
Dodging        | 3 |  3.6
Fighting       | |  1.7

Action                   |  1- 3 |  4- 6 || total
-------------------------+-------+-------++-------
 Fire: Hunting sling     |    69 |   182 ||   251
  Use: Scroll            |     1 |     2 ||     3
       Potion            |       |     1 ||     1
  Eat: Chunk             |     1 |     5 ||     6
Armor: Leather armour    |     1 |     9 ||    10
Dodge: Dodged            |    12 |    35 ||    47
